 Dungeon Sprint DCSS version 0.22-a0-409-gb855193 (webtiles) character file.

9262 aspa the Sorcerer (level 11, -9/61 HPs)
             Began as an Octopode Wizard on May 10, 2018.
             Was a High Priest of Vehumet.
             Mangled by a demonic crawler (13 damage)
             ... in the Dungeon (Sprint I: "Red Sonja").
             The game lasted 00:29:15 (3143 turns).

aspa the Sorcerer (Octopode Wizard)                 Turns: 3143, Time: 00:29:16

Health: -9/61      AC:  1    Str:  8    XL:     11   Next: 43%
Magic:  14/37      EV: 13    Int: 21    God:    Vehumet [*****.]
Gold:   832        SH:  0    Dex:  8    Spells: 20/54 levels left

rFire    . . .     SeeInvis +   b - +1 scythe (slice)
rCold    . . .     Gourm    .   (shield currently unavailable)
rNeg     . . .     Faith    .   h - +0 hat
rPois    .         Spirit   .   (no amulet)
rElec    .         Reflect  .   e - ring of see invisible
rCorr    .         Harm     .   (no ring)
MR       .....     NoTele   +   (no ring)
Stlth    +++.......             (no ring)
HPRegen  0.20/turn              (no ring)
MPRegen  0.25/turn              (no ring)
                                (no ring)
                                (no ring)

@: no status effects
A: almost no armour, stealthy swim, amphibious, 8 rings, constrict 8, camouflage
1, clumsy 1, dopey 1, gelatinous body 1, evolution 1, MP-powered wands
a: Renounce Religion


You were in the Dungeon.
You worshipped Vehumet.
Vehumet was extremely pleased with you.
You were not hungry.

You visited 1 branch You collected 1412 gold pieces.
You spent 580 gold pieces at shops.

Inventory:

Hand Weapons
 a - a +1 short sword of venom
 b - a +1 scythe of slicing (weapon)
Armour
 h - a +0 hat (worn)
Jewellery
 e - a ring of see invisible (left tentacle)
Wands
 d - a wand of polymorph (16)
Scrolls
 c - a scroll of summoning {unknown}
 i - a scroll of blinking
 j - a scroll of identify {unknown}
 m - a scroll of remove curse {unknown}
 p - 3 scrolls of immolation {unknown}
Potions
 f - a potion of haste
 g - 2 potions of magic
 k - a potion of agility {unknown}
 l - a potion of curing
 n - a potion of flight {unknown}
 o - a potion of might {unknown}


   Skills:
 - Level 2.0 Dodging
 - Level 2.6 Stealth
 + Level 22.0 Spellcasting
 - Level 8.2 Conjurations
 - Level 1.0 Summonings
 - Level 1.0 Translocations


You had 20 spell levels left.
You knew the following spells:

 Your Spells              Type           Power        Failure   Level  Hunger
a - Magic Dart            Conj           ####         1%          1    None
b - Call Imp              Summ           ####....     1%          2    None
c - Mephitic Cloud        Conj/Pois/Air  ####....     1%          3    None
d - Blink                 Tloc           N/A          1%          2    None
e - Slow                  Hex            ###.....     2%          2    None
f - Conjure Flame         Conj/Fire      #####...     1%          3    None
g - Freeze                Ice            ###.         1%          1    None
h - Throw Frost           Conj/Ice       #####.       1%          2    None
i - Dazzling Spray        Conj/Hex       #####.       1%          3    None
j - Searing Ray           Conj           ######       1%          2    None
k - Fulminant Prism       Conj/Hex       #####.....   1%          4    None
l - Iskenderun's Mystic   Conj           ######..     1%          4    None
m - Iskenderun's Battles  Conj/Chrm      #####...     2%          5    None


Dungeon Overview and Level Annotations

Branches:
Dungeon (1/1)

Altars:
Cheibriados
Dithmenos
Elyvilon
Fedhas
Gozag
Hepliaklqana
Kikubaaqudgha
Makhleb
Nemelex Xobeh
Okawaru
Qazlal
Ru
Sif Muna
Trog
Uskayaw
Vehumet
Wu Jian
Xom
Yredelemnul
Zin
The Shining One
Jiyva
Lugonu

Shops:
D *(=:(![


Innate Abilities, Weirdness & Mutations

You cannot wear most types of armour.
You are very stealthy in the water. (Stealth+)
You are amphibious.
You can wear up to eight rings at the same time.
You can use your tentacles to constrict eight enemies at once.
Your skin changes colour to match your surroundings (Stealth+).
Your rubbery body absorbs attacks. (AC +1, EV +1)
You are clumsy. (Dex -2)
You are dopey. (Int -2)
You evolve.
You expend magic power (3 MP) to strengthen your wands.


Message History

The demonic crawler hits your battlesphere.
The demonic crawler hits you! The demonic crawler hits you.
The demonic crawler misses you. The crimson imp misses you.
The demonic crawler hits you. The demonic crawler misses you.
The demonic crawler hits you!
* * * LOW HITPOINT WARNING * * *
The demonic crawler hits you!
* * * LOW HITPOINT WARNING * * *
The demonic crawler hits you but does no damage.
The demonic crawler hits you.
* * * LOW HITPOINT WARNING * * *
The demonic crawler hits your battlesphere!
Your battlesphere is destroyed!
The crimson imp blinks!
The demonic crawler barely misses you. The demonic crawler closely misses you.
The demonic crawler completely misses you.
Casting: Iskenderun's Mystic Blast (safe; 1% risk of failure)
Confirm with . or Enter, or press ? or * to list all spells.
You blink.
The demonic crawler hits you!
You die...

).#[.'..#__#.s))..#
..'..#..'..s).#.s.#
#'#####'#__####..s's
..#...#.####§§#####.
###..##)#≈≈5§s#..#
__##'#_s's§§s§s.§#
...s..._#≈≈§§.#..#
__##_.#'##§#####s###
__###+#(#.§((###@'.#
#####.####'###.###.#
...'...5..(..'.∩##.#
####...###########.#
.####)###....†..##§#
..#.#'#.#...†...§§.#
..#.....#''†######§#
..#.....#....§.§§#.#
..#######.....§.#§§#


You could see 3 demonic crawlers.

Vanquished Creatures
  2 centaur warriors (D)
  Sonja (D)
  2 unseen horrors (D)
  A deep troll (D)
  An oklob plant (D)
  6 shining eyes (D)
  2 kobold demonologists (D)
  A slime creature (D)
  2 redbacks (D)
  A yak (D)
  5 floating eyes (D)
  7 necrophages (D)
  An ogre (D)
  6 jellies (D)
  Ijyb (D)
  A ballistomycete (D)
  2 ballistomycete spores (D)
42 creatures vanquished.

Vanquished Creatures (collateral kills)
  2 shining eyes (D)
  A hornet (D)
  Sigmund (D)
  A floating eye (D)
  2 jellies (D)
7 creatures vanquished.

Vanquished Creatures (others)
  A gargoyle (D)
  15 fulminant prisms (D)
16 creatures vanquished.

Grand Total: 65 creatures vanquished

Notes
Turn   | Place    | Note
-------+----------+-------------------------------------------
     0 | D        | aspa the Octopode Wizard began the quest for the Orb.
     0 | D        | Reached XP level 1. HP: 11/11 MP: 4/4
     1 | D        | Noticed Ijyb
     7 | D        | Killed Ijyb
     7 | D        | Reached skill level 5 in Spellcasting
     7 | D        | Reached XP level 2. HP: 17/17 MP: 5/8
     7 | D        | Reached XP level 3. HP: 21/21 MP: 5/9
    48 | D        | Learned a level 2 spell: Call Imp
    52 | D        | Learned a level 3 spell: Mephitic Cloud
    55 | D        | Learned a level 2 spell: Blink
    58 | D        | Learned a level 2 spell: Slow
    59 | D        | Noticed an ogre
    67 | D        | Killed an ogre
    67 | D        | Reached skill level 8 in Spellcasting
    67 | D        | Reached XP level 4. HP: 27/27 MP: 0/14
    76 | D        | Learned a level 3 spell: Conjure Flame
   174 | D        | Noticed Sigmund
   190 | D        | Killed Sigmund
   190 | D        | Reached skill level 11 in Spellcasting
   190 | D        | Reached XP level 5. HP: 29/31 MP: 4/18
   190 | D        | Reached XP level 6. HP: 34/36 MP: 4/20
   295 | D        | Found an ornate altar of the Wu Jian Council.
   295 | D        | Found a deep blue altar of Sif Muna.
   298 | D        | Found a radiant altar of Vehumet.
   307 | D        | Became a worshipper of Vehumet
   337 | D        | Found Qetityaq's Book Emporium.
   337 | D        | Found an ancient bone altar of Kikubaaqudgha.
   337 | D        | Found a hazy altar of Hepliaklqana.
   337 | D        | Found a stormy altar of Qazlal.
   337 | D        | Found a hide-covered altar of Uskayaw.
   337 | D        | Found a blossoming altar of Fedhas.
   337 | D        | Found a bloodstained altar of Trog.
   337 | D        | Found an iron altar of Okawaru.
   337 | D        | Found a basalt altar of Yredelemnul.
   337 | D        | Found a glowing golden altar of the Shining One.
   337 | D        | Found a snail-covered altar of Cheibriados.
   337 | D        | Found a sacrificial altar of Ru.
   337 | D        | Found a glowing silver altar of Zin.
   337 | D        | Found a shadowy altar of Dithmenos.
   337 | D        | Found a white marble altar of Elyvilon.
   337 | D        | Noticed a yak
   341 | D        | Killed a yak
   341 | D        | Reached skill level 12 in Spellcasting
   342 | D        | Found an opulent altar of Gozag.
   366 | D        | Found a sparkling altar of Nemelex Xobeh.
   380 | D        | Noticed Sonja
   389 | D        | Killed Sonja
   389 | D        | Reached skill level 15 in Spellcasting
   389 | D        | Reached XP level 7. HP: 41/41 MP: 13/25
   389 | D        | Reached XP level 8. HP: 46/46 MP: 14/27
   458 | D        | Noticed a centaur warrior
   459 | D        | Noticed a centaur warrior
   467 | D        | Found a burning altar of Makhleb.
   467 | D        | Found a viscous altar of Jiyva.
   467 | D        | Found a shimmering altar of Xom.
   467 | D        | Found a corrupted altar of Lugonu.
   467 | D        | Noticed a slime creature
   471 | D        | Killed a slime creature
   471 | D        | Reached * piety under Vehumet
   471 | D        | Offered knowledge of Freeze by Vehumet.
   474 | D        | Learned a level 1 spell: Freeze
   624 | D        | Noticed a kobold demonologist
   625 | D        | Noticed a sixfirhy
   625 | D        | Noticed a kobold demonologist
   629 | D        | Killed a kobold demonologist
   629 | D        | Reached skill level 16 in Spellcasting
   634 | D        | Killed a kobold demonologist
   634 | D        | Reached ** piety under Vehumet
   634 | D        | Offered knowledge of Throw Frost by Vehumet.
   638 | D        | Learned a level 2 spell: Throw Frost
   658 | D        | Bought a book of Maledictions for 350 gold pieces
   662 | D        | Learned a level 3 spell: Dazzling Spray
   678 | D        | Found Kamma's General Store.
   698 | D        | Noticed a deep troll
   706 | D        | Killed a deep troll
   706 | D        | Reached skill level 17 in Spellcasting
   706 | D        | Reached XP level 9. HP: 51/51 MP: 16/30
   779 | D        | Found Yshatops's Armour Emporium.
   882 | D        | Noticed a shining eye
   882 | D        | Noticed a shining eye
   882 | D        | Noticed a shining eye
   882 | D        | Noticed a shining eye
   882 | D        | Noticed a shining eye
   882 | D        | Noticed a shining eye
   895 | D        | Paralysed by a floating eye for 2 turns
   968 | D        | Killed a centaur warrior
   968 | D        | Offered knowledge of Searing Ray by Vehumet.
   968 | D        | Reached skill level 18 in Spellcasting
   974 | D        | Killed a gargoyle
  1151 | D        | Learned a level 2 spell: Searing Ray
  1166 | D        | Killed a centaur warrior
  1166 | D        | Reached *** piety under Vehumet
  1166 | D        | Reached skill level 19 in Spellcasting
  1166 | D        | Reached XP level 10. HP: 56/56 MP: 6/33
  1414 | D        | Noticed an oklob plant
  1671 | D        | Gained mutation: You are weak. (Str -2) [a shining eye]
  1673 | D        | Killed a shining eye
  1673 | D        | Offered knowledge of Fulminant Prism by Vehumet.
  1679 | D        | Learned a level 4 spell: Fulminant Prism
  1735 | D        | Gained mutation: Your magical capacity is low. (-10% MP) [a shining eye]
  1764 | D        | Gained mutation: You are clumsy. (Dex -2) [a shining eye]
  1767 | D        | Gained mutation: Scrolls take you a little longer to read. [a shining eye]
  1772 | D        | Paralysed by a floating eye for 4 turns
  1779 | D        | Paralysed by a floating eye for 2 turns
  1781 | D        | Reached **** piety under Vehumet
  1781 | D        | Killed a shining eye
  1781 | D        | Offered knowledge of Iskenderun's Mystic Blast by Vehumet.
  1781 | D        | Reached skill level 20 in Spellcasting
  1805 | D        | Learned a level 4 spell: Iskenderun's Mystic Blast
  1898 | D        | Gained mutation: You expend magic power (3 MP) to strengthen your wands. [a shining eye]
  1899 | D        | Gained mutation: You are dopey. (Int -2) [a shining eye]
  1901 | D        | Gained mutation: You are frail. (-10% HP) [a shining eye]
  1904 | D        | Killed a shining eye
  1912 | D        | Killed a shining eye
  1914 | D        | Gained mutation: Your magical capacity is very low. (-20% MP) [a shining eye]
  1917 | D        | Killed a shining eye
  1917 | D        | Reached ***** piety under Vehumet
  1917 | D        | Reached skill level 5 in Conjurations
  2045 | D        | Noticed a shining eye
  2045 | D        | Gained mutation: You are very dopey. (Int -4) [a shining eye]
  2051 | D        | Killed a shining eye
  2051 | D        | Offered knowledge of Conjure Ball Lightning by Vehumet.
  2112 | D        | Noticed a shining eye
  2115 | D        | Killed a shining eye
  2215 | D        | Lost mutation: Scrolls take you a little longer to read. [a shining eye]
  2216 | D        | Killed a shining eye
  2216 | D        | Reached XP level 11. HP: 54/54 MP: 14/28
  2216 | D        | Reached skill level 21 in Spellcasting
  2303 | D        | Found Rucunyu's Weapon Shop.
  2303 | D        | Found Kaupuniupp's Weapon Shoppe.
  2303 | D        | Found Faisuuc's Distillery.
  2303 | D        | Found Guguxzof's Jewellery Emporium.
  2309 | D        | Bought a potion of mutation for 80 gold pieces
  2309 | D        | Lost mutation: Your magical capacity is very low. (-20% MP) [potion of mutation]
  2309 | D        | Lost mutation: You are frail. (-10% HP) [potion of mutation]
  2309 | D        | Lost mutation: Your magical capacity is low. (-10% MP) [potion of mutation]
  2309 | D        | Lost mutation: You are weak. (Str -2) [potion of mutation]
  2309 | D        | Gained mutation: You evolve. [potion of mutation]
  2364 | D        | Killed an oklob plant
  2701 | D        | Lost mutation: You are very dopey. (Int -4) [evolution]
  2737 | D        | Bought an uncursed ring of see invisible for 150 gold pieces
  2780 | D        | Noticed an unseen horror
  2783 | D        | Noticed an unseen horror
  2785 | D        | Killed an unseen horror
  2787 | D        | Killed an unseen horror
  2787 | D        | Offered knowledge of Iskenderun's Battlesphere by Vehumet.
  2794 | D        | Learned a level 5 spell: Iskenderun's Battlesphere
  2873 | D        | Offered knowledge of Venom Bolt by Vehumet.
  2882 | D        | Reached skill level 22 in Spellcasting
  3143 | D        | Mangled by a demonic crawler

Vault maps used:
D:        dungeon_sprint_1

Skill      XL: |  1  2  3  4  5  6  7  8  9 10 11 |
---------------+----------------------------------+-----
Spellcasting   | 5 8 11 15 17 19 20 22 | 22.0
Conjurations   | 3 6 8 |  8.2
Dodging        | |  2.0
Stealth        | |  2.6
Summonings     | |  1.0
Translocations | |  1.0

Action                   |  1- 3 |  4- 6 |  7- 9 | 10-12 || total
-------------------------+-------+-------+-------+-------++-------
Melee: Unarmed           |     5 |     2 |       |       ||     7
       Tentacles         |     3 |     1 |     2 |     1 ||     7
       Constrict         |     1 |     1 |     2 |       ||     4
       Scythe            |       |     2 |    11 |     6 ||    19
 Cast: Magic Dart        |     5 |    14 |     2 |     5 ||    26
       Mephitic Cloud    |     1 |     3 |     8 |     2 ||    14
       Call Imp          |       |     4 |    10 |    28 ||    42
       Conjure Flame     |       |     1 |     5 |     6 ||    12
       Dazzling Spray    |       |       |     5 |     3 ||     8
       Throw Frost       |       |       |    13 |    16 ||    29
       Freeze            |       |       |     3 |       ||     3
       Searing Ray       |       |       |     1 |     7 ||     8
       Iskenderun's Myst |       |       |       |    27 ||    27
       Fulminant Prism   |       |       |       |    15 ||    15
       Iskenderun's Batt |       |       |       |     5 ||     5
       Blink             |       |       |       |     3 ||     3
  Use: Potion            |     1 |     1 |       |     3 ||     5
 Stab: Confused          |     1 |       |       |       ||     1
       Distracted        |       |       |       |     1 ||     1
  Eat: Chunk             |       |       |     1 |       ||     1
       Ration            |       |       |       |     2 ||     2
Armor: Skin              |       |       |       |     3 ||     3
Dodge: Dodged            |     1 |     4 |     2 |    25 ||    32

Table legend:
 A = Spawn XP
 B = Non-spawn XP
 C = Spawn XP percentage of total XP
 D = Spawn monster count
 E = Non-spawn monster count
 F = Spawn count percentage of total count
 G = Total turns spent on level
                    A         B        C        D         E        F      G
               +---------+---------+-------+---------+---------+-------+---------
         Total |       0 |   13232 |   0.0 |       0 |      46 |   0.0 |  3143
               +---------+---------+-------+---------+---------+-------+---------
             D |       0 |   13232 |   0.0 |       0 |      46 |   0.0 |  3143
               +---------+---------+-------+---------+---------+-------+---------
